 Dungeon Crawl Stone Soup version 0.30-a0-800-g7c544603b3 (webtiles) character file.

Game seed: 13414497144459902059

682 bande the Chopper (level 7, -5/44 HPs)
             Began as a Gargoyle Fighter on Feb 21, 2023.
             Slain by an ogre
             ... wielding a +0 giant club
              (12 damage)
             ... on level 5 of the Dungeon.
             The game lasted 00:07:27 (4376 turns).

bande the Chopper (Gargoyle Fighter)                Turns: 4376, Time: 00:07:27

Health: -5/44      AC: 16    Str: 19    XL:     7   Next: 61%
Magic:  0/7        EV:  9    Int:  9    God:
Gold:   195        SH:  5    Dex: 11    Spells: 6/6 levels left

rFire   . . .      SeeInvis .    a - +0 war axe
rCold   . . .      Faith    .    c - +0 buckler
rNeg    + . .      Spirit   +    b - +0 scale mail
rPois   ∞          Reflect  .    s - +0 helmet
rElec   +          Harm     .    (no cloak)
rCorr   .          Rampage  .    (no gloves)
Will    .....                    i - +0 pair of boots Stlth
                                 l - amulet of guardian spirit
HPRegen 0.27/turn                (no ring)
MPRegen 0.10/turn                (no ring)

@: studying Fighting
A: sickness immunity, AC +4, negative energy resistance 1, electricity
resistance, torment resistance 1, petrification resistance, hooves 1, iridescent
scales 1
a: no special abilities


You were on level 5 of the Dungeon.
You visited 1 branch of the dungeon, and saw 5 of its levels.

You collected 195 gold pieces.

Inventory:

Hand Weapons
 a - a +0 war axe (weapon)
 o - a +0 war axe
 p - a +0 flail
Armour
 b - a +0 scale mail (worn)
 c - a +0 buckler (worn)
 i - a +0 pair of boots (worn)
 s - a +0 helmet (worn)
Jewellery
 h - an amulet of reflection
 l - an amulet of guardian spirit (around neck)
 t - a ring of fire
Wands
 u - a wand of light (11)
Scrolls
 e - 2 scrolls of fog
 q - 2 scrolls of identify
 v - a scroll of magic mapping {unknown}
 w - a scroll of torment {unknown}
Potions
 d - a potion of might
 f - 2 potions of degeneration {unknown}
 g - 2 potions of berserk rage {unknown}
 j - 3 potions of mutation
 k - a potion of ambrosia {unknown}
 m - a potion of lignification {unknown}
 n - a potion of curing {unknown}
 r - 2 potions of attraction {unknown}


   Skills:
 + Level 4.8 Fighting
 + Level 5.2 Axes
 + Level 5.2 Armour
 - Level 0.2 Dodging
 + Level 4.6 Shields
 * Level 1.2 Evocations


You had 6 spell levels left.
You didn't know any spells.
Your spell library contained the following spells:

 Spells                   Type           Power      Damage    Failure   Level
 Beastly Appendage        Tmut           0%         N/A       83%         1
 Ensorcelled Hibernation  Hex/Ice        0%         N/A       92%         2
 Passwall                 Tmut/Erth      0%         N/A       92%         2
 Wereblood                Tmut           0%         N/A       92%         2
 Spider Form              Tmut/Pois      0%         N/A       99%         3
 Swiftness                Air            0%         N/A       99%         3


Dungeon Overview and Level Annotations

Branches:
Dungeon (5/15)
 Temple: D:4-7

Altars:
Elyvilon


Innate Abilities, Weirdness & Mutations

You are immune to sickness and miasma.
Your stone body is resilient. (AC +4)
You are immune to poison.
You resist negative energy. (rN+)
You are resistant to electric shocks. (rElec)
You are resistant to unholy torment.
You are immune to petrification.
You have large cloven feet.
You are partially covered in iridescent scales. (AC +2)


Message History

Your Evocations skill increases to level 1!
You miss the adder. The adder bites you.
You hit the adder.
The adder is moderately wounded.
The adder barely misses you. You block the adder's attack.
You hit the adder.
The adder is almost dead.
The adder bites you. The adder bites you but does no damage.
You miss the adder.
The adder is almost dead.
The adder misses you. The adder closely misses you.
You barely miss the adder.
The adder is almost dead.
The adder bites you but does no damage.
You slash the adder!
You kill the adder!
You slash the ogre!
The ogre is moderately wounded.
The ogre hits you with a +0 giant club!
You are too injured to fight recklessly!
You are too injured to fight recklessly!
You are too injured to fight recklessly!
You are too injured to fight recklessly!
You are too injured to fight recklessly!
You are too injured to fight recklessly!
You are too injured to fight recklessly!
You are too injured to fight recklessly!
You are too injured to fight recklessly!
You are too injured to fight recklessly!
You barely miss the ogre.
The ogre is moderately wounded.
The ogre hits you with a +0 giant club!
You slash the ogre!
The ogre is severely wounded.
The ogre hits you with a +0 giant club!
* * * LOW HITPOINT WARNING * * *
You closely miss the ogre.
The ogre is severely wounded.
The ogre hits you with a +0 giant club!
You die...

#.#.....##......)..#
#..................#
#..#.##.....########
#..#.####.........
#..#.###...######
...#.....#.#######
#.>...........#
#..####.......# #..
#@.....$+
#.....O.......#
##.#####......#
+......+ #......#
+......# #......#
...##...


You could see an ogre.

Vanquished Creatures
  A black bear (D:5)
  An ogre (D:4)
  A scorpion (D:3)
  A hound (D:4)
  An orc priest (D:3)
  A jelly (D:4)
  Natasha (thrice) (D:2)
  An iguana (D:4)
  An orc wizard (D:4)
  11 adders
  A white imp (D:4)
  An ufetubus (D:4)
  3 worms
  3 dart slugs
  8 orcs
  4 endoplasms
  5 giant cockroaches
  8 goblins
  6 hobgoblins
  9 jackals
  5 kobolds
  4 quokkas
  11 ball pythons
  6 bats
  8 frilled lizards
  9 rats
113 creatures vanquished.

Notes
Turn   | Place    | Note
-------+----------+-------------------------------------------
     0 | D:1      | bande the Gargoyle Fighter began the quest for the Orb.
     0 | D:1      | Reached XP level 1. HP: 14/14 MP: 1/1
   124 | D:1      | Reached XP level 2. HP: 19/19 MP: 2/2
   671 | D:1      | Reached XP level 3. HP: 14/23 MP: 3/3
   933 | D:2      | Noticed Natasha
   945 | D:2      | HP: 1/23 [Natasha (4)]
   946 | D:2      | Killed Natasha
  1256 | D:2      | Reached XP level 4. HP: 29/29 MP: 4/4
  1578 | D:2      | Noticed Natasha
  1588 | D:2      | Killed Natasha
  1770 | D:2      | Reached XP level 5. HP: 33/33 MP: 5/5
  1880 | D:2      | Noticed Natasha
  1886 | D:2      | Killed Natasha
  2825 | D:3      | Found a white marble altar of Elyvilon.
  2857 | D:3      | Reached XP level 6. HP: 15/38 MP: 2/6
  3099 | D:3      | Identified the +1 robe of Focus {+Inv}
  3558 | D:4      | Gained mutation: Potions are less effective at restoring
                  | your health. [potion of mutation]
  3558 | D:4      | Gained mutation: You have sharp toenails. [potion of
                  | mutation]
  3558 | D:4      | Gained mutation: You are partially covered in iridescent
                  | scales. (AC +2) [potion of mutation]
  3559 | D:4      | Lost mutation: You are partially covered in iridescent
                  | scales. (AC +2) [potion of mutation]
  3559 | D:4      | Lost mutation: Potions are less effective at restoring your
                  | health. [potion of mutation]
  3559 | D:4      | Lost mutation: You have sharp toenails. [potion of
                  | mutation]
  3559 | D:4      | Gained mutation: You are partially covered in iridescent
                  | scales. (AC +2) [potion of mutation]
  3559 | D:4      | Gained mutation: You have large cloven feet. [potion of
                  | mutation]
  3680 | D:4      | Reached XP level 7. HP: 39/43 MP: 7/7
  3747 | D:4      | Reached skill level 5 in Armour
  4191 | D:5      | Entered Level 5 of the Dungeon
  4198 | D:4      | Reached skill level 5 in Axes
  4367 | D:5      | Reached skill level 1 in Evocations
  4376 | D:5      | Slain by an ogre

Illustrated notes

Levels and vault maps discovered:
D:1:      pf_arrival_petrified_forest, layout_basic, minivault_11
D:2:      minmay_thinvault, layout_basic, wander_ebering_terrifying_dragon_lair,
          uniq_natasha
D:3:      layout_basic, elyvilon_altar_1, patterned_corridor
D:4:      layout_loops_ring, minmay_manual_monolith
D:5:      layout_basic, gammafunk_ghost_grave, nicolae_shop_gadgets

Skill      XL: |  1  2  3  4  5  6  7 |
---------------+----------------------+-----
Axes           | 2 3 4 5 |  5.2
Armour         | 4 5 |  5.2
Shields        | 4 |  4.6
Fighting       | 4 |  4.8
Evocations     | 1 |  1.2
Dodging        | |  0.2

Action                     |  1- 3 |  4- 6 |  7- 9 || total
---------------------------+-------+-------+-------++-------
  Melee: War axe           |    99 |   221 |    81 ||   401
    Use: Scroll            |       |     3 |       ||     3
         Potion            |       |     3 |       ||     3
 Armour: Scale mail        |    60 |   144 |    43 ||   247
  Dodge: Dodged            |    70 |   103 |    40 ||   213
  Block: Buckler           |    36 |    65 |    21 ||   122

Table legend: (Time is in decaauts)
 A = Elapsed time spent in this place.
 B = Non-inter-level travel time spent in this place.
 C = Inter-level travel time spent in this place.
 D = Time resting spent in this place.
 E = Time spent auto-exploring this place.
 F = Levels seen in this place.
 G = Mean time per level.
                   A        B        C        D        E       F      G
               +--------+--------+--------+--------+--------+-----+--------+
         Total |   4526 |   4444 |     82 |   1104 |   2414 |   5 |  905.2 |
       Dungeon |   4526 |   4444 |     82 |   1104 |   2414 |   5 |  905.2 |
               +--------+--------+--------+--------+--------+-----+--------+

Top non-repeatable levels by time:
     D:2: 1521 daAuts
     D:3: 1107 daAuts
     D:4: 914 daAuts
     D:1: 908 daAuts
     D:5: 75 daAuts
